Map: Arctic Dream LE

Players

Rohacommand - Winner!

  • Race: Zerg Zerg
  • League: Diamond
  • Spawn Location: 11:00

FoXbOw - Winner!

  • Race: Terran Terran
  • Spawn Location: 12:00

qqq

  • Race: Zerg Zerg
  • Spawn Location: 5:00

Massa

  • Race: Terran Terran
  • League: Platinum
  • Spawn Location: 6:00

VOD

Have the link to the VOD?

Description

Time

  • Played on: Feb. 7, 2021, 8:21 a.m.
  • Length: 19:48
Show
View Real Time Build Order
Export as new Build Order

Rohacommand Zerg - Winner!

Build Orders: Hatch First 

Get SALT Encoding   

  12  0:02  Drone  
  13  0:17  Overlord  
  13  0:21  Drone  
  14  0:35  Drone x2  
  16  0:40  Drone  
  17  0:56  Drone  
  18  0:58  Hatchery  
  18  1:01  Drone  
  18  1:12  Extractor  
  18  1:18  Spawning Pool  
  16  1:20  Drone  
  16  1:25  Drone  
  18  1:36  Drone  
  19  1:45  Overlord  
  19  1:54  Drone  
  20  2:05  Drone  
  20  2:06  Queen  
  23  2:09  Queen  
  23  2:10  Zergling x2  
  26  2:16  Metabolic Boost  
  26  2:19  Zergling x2  
  27  2:23  Zergling x2  
  27  2:29  Drone  
  29  2:36  Baneling Nest  
  28  2:38  Drone x2  
  30  2:46  Queen  
  30  2:50  Overlord  
  32  2:59  Zergling x2, Evolution Chamber  
  32  3:04  Drone  
  32  3:05  Drone  
  34  3:10  Extractor  
  34  3:11  Drone x2  
  35  3:22  Zergling x8  
  39  3:30  Zerg Melee Weapons Level 1  
  39  3:37  Overlord  
  39  3:41  Drone  
  40  3:47  Drone  
  40  3:48  Drone x2  
  43  3:56  Drone x5  
  47  4:12  Zergling x6  
  47  4:13  Zergling x2  
  47  4:15  Lair  
  51  4:30  Zergling x2  
  52  4:36  Baneling x5  
  52  4:38  Zergling x8  
  51  4:46  Zergling x2  
  51  4:52  Zergling x2  
  49  4:53  Zergling x6  
  49  4:55  Zergling x2  
  49  4:56  Zergling x2  
  49  4:57  Zergling x2  
  48  5:05  Zergling x2  
  48  5:06  Zergling x2  
  42  5:14  Zergling x2  
  42  5:20  Queen  
  43  5:21  Drone  
  43  5:28  Drone x2  
  46  5:35  Hatchery, Zerg Melee Weapons Level 2  
  46  5:36  Drone  
  46  5:38  Drone  
  46  5:40  Hatchery  
  46  5:46  Extractor  
  46  5:47  Extractor  
  46  5:48  Drone x2  
  46  5:49  Queen  
  48  5:56  Queen  
  50  5:58  Zergling x4  
  50  6:00  Overlord x2  
  52  6:08  Evolution Chamber  
  52  6:10  Drone, Overlord  
  52  6:25  Pneumatized Carapace  
  52  6:27  Drone, Hydralisk Den, Spore Crawler  
  52  6:28  Drone x2  
  52  6:30  Drone x3  
  56  6:33  Spore Crawler  
  56  6:38  Spine Crawler  
  54  6:43  Drone x5  
  59  6:51  Zerg Missile Weapons Level 1  
  59  6:53  Drone, Spore Crawler  
  59  6:56  Drone x3  
  62  7:03  Spore Crawler  
  62  7:06  Grooved Spines  
  62  7:07  Drone, Spore Crawler  
  61  7:16  Drone x4  
  61  7:17  Spore Crawler  
  61  7:19  Drone  
  65  7:24  Spore Crawler  
  65  7:25  Drone x3  
  67  7:39  Drone  
  67  7:40  Drone x8  
  76  7:45  Extractor  
  76  7:46  Spore Crawler  
  76  7:47  Extractor  
  73  7:55  Queen  
  73  7:57  Hydralisk x2  
  73  7:58  Spore Crawler  
  78  8:00  Hydralisk  
  78  8:02  Hydralisk  
  82  8:10  Drone x2  
  82  8:11  Drone  
  82  8:12  Hydralisk  
  85  8:14  Overlord x2  
  85  8:17  Muscular Augments  
  85  8:18  Zerg Ground Armor Level 1  
  87  8:29  Infestation Pit  
  87  8:30  Hydralisk  
  87  8:31  Overlord  
  87  8:32  Overlord x2  
  88  8:40  Overlord x3  
  88  8:49  Hydralisk, Lurker Den  
  88  8:50  Hydralisk x2  
  88  8:52  Overseer  
  93  8:58  Baneling x12  
  93  8:59  Baneling  
  93  9:05  Hydralisk  
  93  9:06  Hydralisk  
  97  9:14  Pathogen Glands  
  97  9:18  Drone  
  97  9:19  Drone  
  99  9:26  Infestor  
  101  9:36  Hydralisk  
  103  9:41  Infestor  
  103  9:42  Infestor  
  107  9:52  Spore Crawler  
  106  9:59  Zerg Missile Weapons Level 2, Hive  
  106  10:08  Hydralisk x4  
  106  10:10  Zergling x8  
  106  10:11  Zergling x24  
  106  10:13  Hatchery  
  129  10:16  Zergling x2  
  129  10:17  Zergling x4  
  129  10:19  Centrifical Hooks  
  132  10:26  Hydralisk  
  134  10:28  Hydralisk  
  134  10:31  Hydralisk  
  134  10:33  Hydralisk  
  140  10:36  Drone  
  140  10:40  Zergling x2  
  140  10:42  Hydralisk  
  142  10:49  Overlord x2  
  138  11:02  Hydralisk  
  138  11:03  Hydralisk x4  
  105  11:19  Hydralisk  
  105  11:20  Hydralisk x8  
  105  11:25  Zergling x2  
  111  11:26  Zergling x8  
  113  11:33  Zergling x2  
  113  11:34  Zergling x4  
  113  11:36  Zergling x2  
  109  11:45  Infestor x2  
  113  11:51  Infestor  
  113  11:53  Zergling x2  
  116  11:55  Overlord  
  116  11:56  Overlord  
  116  11:57  Hydralisk  
  116  11:58  Hydralisk x2  
  122  12:05  Zergling x2  
  122  12:07  Drone, Queen  
  122  12:08  Drone x5  
  131  12:18  Zergling x6  
  131  12:19  Drone, Zergling x2  
  131  12:20  Hatchery  
  135  12:25  Zerg Ground Armor Level 2  
  135  12:27  Zerg Missile Weapons Level 3  
  135  12:33  Evolution Chamber  
  135  12:35  Baneling  
  135  12:36  Baneling x5  
  134  12:39  Extractor, Drone  
  134  12:40  Drone x3, Extractor  
  136  12:53  Overseer x2  
  136  12:56  Baneling  
  136  12:57  Baneling x8  
  136  13:03  Hydralisk x2  
  136  13:04  Zergling x2  
  136  13:05  Zergling x14  
  148  13:09  Drone  
  148  13:10  Drone x2  
  151  13:13  Drone x3  
  151  13:15  Drone x2  
  151  13:16  Drone  
  157  13:24  Baneling  
  157  13:25  Baneling x5  
  157  13:27  Hydralisk  
  157  13:28  Hydralisk x3  
  157  13:30  Baneling x2  
  157  13:31  Baneling, Zergling x2  
  157  13:32  Zergling x2  
  142  13:50  Hydralisk  
  142  13:53  Infestor x2  
  142  13:55  Hydralisk  
  146  13:56  Zergling x2  
  146  13:57  Zergling x30  
  146  14:00  Zergling x2  
  163  14:05  Hydralisk  
  163  14:06  Zergling x2  
  163  14:07  Zergling x12  
  172  14:11  Drone x2  
  172  14:13  Queen  
  172  14:14  Extractor x2  
  166  14:34  Hydralisk x6  
  178  14:45  Hydralisk x3  
  121  15:01  Hydralisk x6  
  121  15:03  Hydralisk  
  121  15:04  Drone x3  
  121  15:05  Drone x3  
  121  15:06  Drone  
  127  15:07  Drone x2  
  127  15:11  Hydralisk  
  131  15:14  Seismic Spines  
  131  15:18  Hydralisk x6  
  141  15:24  Zergling x6  
  141  15:27  Hydralisk x2  
  146  15:53  Hydralisk x2  
  146  15:54  Hydralisk x2  
  146  15:55  Hydralisk x2  
  146  15:56  Hydralisk x2  
  162  16:02  Drone x2  
  164  16:11  Adaptive Talons  
  164  16:30  Overlord x3  
  164  16:31  Overlord x3  
  164  17:12  Hydralisk x5  
  164  17:13  Hydralisk x8  
  164  17:14  Hydralisk x5  
  170  18:07  Hydralisk x5  
  170  18:08  Hydralisk x8  
  170  18:09  Hydralisk x2  
  199  18:27  Hydralisk x6  
  197  18:39  Hydralisk  
  187  19:02  Hydralisk x5  
  181  19:03  Hydralisk x5  
Show
View Real Time Build Order
Export as new Build Order

FoXbOw Terran - Winner!

Build Orders: 2 Factory 

Get SALT Encoding   

  12  0:02  SCV  
  13  0:14  SCV  
  13  0:18  Supply Depot  
  14  0:26  SCV  
  15  0:29  Refinery  
  15  0:40  SCV  
  16  0:52  SCV  
  16  0:54  Barracks  
  17  1:04  SCV  
  18  1:16  SCV  
  19  1:29  SCV  
  20  1:42  Orbital Command  
  20  1:44  Marine  
  21  1:52  Command Center  
  21  2:08  SCV  
  22  2:11  Refinery  
  22  2:17  Factory  
  22  2:20  Barracks Reactor, SCV  
  23  2:27  Supply Depot  
  23  2:49  SCV  
  24  3:01  SCV  
  24  3:03  Factory Tech Lab, Marine  
  24  3:04  Marine  
  27  3:07  Factory  
  27  3:10  Orbital Command, Engineering Bay  
  27  3:14  SCV  
  28  3:25  Siege Tank  
  28  3:26  SCV  
  32  3:38  Refinery, SCV  
  34  3:41  SCV  
  34  3:50  SCV  
  34  3:51  Factory Tech Lab  
  34  3:53  SCV  
  36  3:59  Missile Turret, Siege Tank  
  36  4:02  SCV  
  40  4:05  SCV, Marine x2  
  43  4:14  SCV  
  43  4:22  Siege Tank  
  46  4:29  Supply Depot  
  46  4:33  Supply Depot  
  46  4:48  SCV  
  46  4:50  Marine x2, Siege Tank  
  51  4:55  Siege Tank  
  53  5:06  Command Center  
  50  5:07  SCV  
  50  5:12  SCV  
  52  5:19  SCV  
  53  5:23  Siege Tank  
  53  5:25  SCV  
  53  5:27  Siege Tank  
  60  5:29  Supply Depot  
  60  5:31  Supply Depot  
  59  5:39  SCV  
  59  5:40  SCV  
  61  5:51  SCV  
  61  5:52  Refinery, SCV  
  63  6:03  SCV  
  64  6:04  SCV  
  64  6:07  Armory  
  64  6:09  Armory  
  65  6:15  SCV  
  65  6:16  SCV  
  67  6:25  Refinery  
  67  6:26  Marine x2  
  67  6:27  SCV  
  67  6:28  SCV  
  67  6:30  Refinery  
  67  6:31  Siege Tank x2  
  77  6:34  Missile Turret  
  78  6:40  SCV, Missile Turret  
  78  6:41  SCV  
  78  6:42  Missile Turret  
  78  6:46  Missile Turret  
  79  6:48  Marine x2, Sensor Tower  
  79  6:52  SCV  
  79  6:53  SCV  
  84  6:59  Orbital Command  
  84  7:00  Missile Turret  
  84  7:01  Missile Turret  
  83  7:04  SCV  
  83  7:05  SCV  
  85  7:13  Missile Turret  
  85  7:16  SCV, Thor  
  85  7:18  SCV  
  85  7:20  Missile Turret  
  93  7:35  Supply Depot  
  93  7:37  Supply Depot  
  93  7:41  SCV x2, Thor  
  101  7:45  Terran Vehicle Weapons Level 1  
  101  7:46  Terran Vehicle And Ship Armor Level 1  
  101  7:48  Marine x2  
  101  7:49  SCV  
  104  7:53  SCV  
  104  7:55  SCV, Missile Turret  
  106  8:01  Sensor Tower  
  106  8:03  SCV  
  107  8:08  SCV  
  107  8:09  SCV  
  109  8:15  SCV  
  109  8:18  Sensor Tower  
  110  8:21  SCV x2  
  110  8:24  Marine x2  
  110  8:25  Thor  
  120  8:27  SCV  
  120  8:33  SCV  
  115  8:36  SCV  
  115  8:39  SCV  
  117  8:44  Missile Turret  
  117  8:49  SCV  
  117  8:54  SCV  
  117  8:55  Thor  
  125  8:57  Missile Turret  
  125  9:05  Factory  
  125  9:08  SCV x2, Thor  
  133  9:10  Supply Depot  
  133  9:12  Supply Depot  
  133  9:15  Supply Depot  
  133  9:30  Missile Turret  
  133  9:31  SCV x3  
  133  9:34  Supply Depot  
  133  9:36  Supply Depot  
  133  9:38  Thor  
  142  9:44  SCV x3  
  145  9:49  Factory  
  145  9:52  Factory Tech Lab  
  145  9:54  Starport  
  145  9:58  SCV  
  145  9:59  SCV  
  147  10:11  Thor x2  
  147  10:14  Terran Vehicle Weapons Level 2  
  159  10:18  Terran Vehicle And Ship Armor Level 2  
  159  10:20  SCV, Thor  
  159  10:21  SCV  
  167  10:22  SCV  
  167  10:54  Sensor Tower, Siege Tank  
  167  10:55  Missile Turret  
  170  10:57  Siege Tank  
  173  11:26  Siege Tank x2  
  173  11:28  SCV  
  173  11:29  SCV  
  173  11:31  Siege Tank  
  168  11:36  Marine x2  
  168  11:38  Starport Tech Lab  
  158  11:50  Factory Tech Lab  
  158  11:52  SCV x2  
  158  11:54  Marine x2  
  158  11:55  SCV  
  158  11:58  Siege Tank x2  
  161  12:03  Thor  
  161  12:04  SCV x2  
  161  12:07  SCV  
  158  12:12  Marine x2  
  158  12:13  Thor  
  160  12:16  SCV x2  
  160  12:19  SCV  
  139  12:28  SCV x2  
  139  12:29  Marine  
  141  12:30  Marine, Thor  
  141  12:31  SCV  
  150  12:39  Command Center  
  150  12:40  SCV x2  
  150  12:43  SCV  
  153  12:46  Command Center  
  153  12:47  Marine  
  154  12:52  SCV x2  
  154  12:55  SCV, Marine  
  155  12:59  Thor  
  155  13:04  SCV  
  155  13:05  SCV, Marine  
  164  13:08  SCV  
  159  13:16  SCV  
  159  13:19  Thor x2  
  169  13:33  Marine x2  
  171  13:39  Refinery  
  171  13:40  Refinery  
  171  13:45  Refinery  
  171  13:47  Refinery  
  171  13:51  Marine, Thor x2  
  184  13:55  Planetary Fortress  
  184  13:56  SCV x2  
  184  13:57  Planetary Fortress  
  184  14:00  Missile Turret  
  186  14:09  SCV x3  
  189  14:11  Thor  
  189  14:14  Raven  
  197  14:23  Starport, Fusion Core  
  196  14:30  Thor  
  190  14:37  SCV  
  191  14:43  SCV  
  192  14:47  SCV x2  
  192  14:48  SCV  
  192  14:49  SCV  
  196  14:55  SCV  
  196  14:59  Raven  
  199  15:05  Starport Tech Lab  
  199  15:07  SCV  
  200  15:19  Sensor Tower  
  200  15:25  Sensor Tower  
  200  15:34  Sensor Tower  
  195  15:46  Sensor Tower  
  187  16:11  Thor x4  
  164  16:14  Battlecruiser x2  
  173  16:32  SCV  
  168  16:37  Terran Vehicle Weapons Level 3  
  167  16:54  Thor x4  
  191  17:18  Battlecruiser  
  186  17:57  SCV  
  185  18:00  Thor x2  
  193  18:06  SCV  
  193  18:09  SCV  
  195  18:22  SCV  
  195  18:25  SCV x4  
  200  18:34  SCV  
  195  18:46  SCV  
  196  18:48  Siege Tank  
  198  18:58  SCV  
  198  19:00  SCV x3  
  198  19:09  Marine x2  
  200  19:20  Command Center  
Show
View Real Time Build Order
Export as new Build Order

qqq Zerg 

Build Orders: Hatch First, Brood Lord Corruptor, Muta Ling Bane 

Get SALT Encoding   

  12  0:01  Drone  
  13  0:08  Drone  
  14  0:21  Overlord  
  14  0:44  Hatchery  
  14  0:47  Drone  
  14  0:51  Drone  
  14  0:55  Drone  
  16  1:14  Spawning Pool  
  16  1:16  Extractor  
  14  1:18  Drone  
  14  1:25  Drone x2  
  17  1:35  Drone  
  18  1:43  Drone  
  19  1:54  Overlord  
  19  1:56  Drone  
  20  2:03  Queen  
  20  2:04  Drone  
  23  2:13  Extractor  
  23  2:14  Queen  
  24  2:16  Drone  
  24  2:22  Metabolic Boost  
  26  2:32  Extractor  
  26  2:36  Zergling x6  
  28  2:39  Drone x2  
  28  2:40  Drone  
  31  2:47  Overlord  
  31  2:53  Zergling x2  
  32  2:58  Zergling x2  
  32  3:02  Drone  
  34  3:07  Lair  
  34  3:09  Zergling x2  
  35  3:13  Zergling x2  
  35  3:14  Zergling x2, Overlord  
  35  3:17  Zergling x2  
  38  3:22  Zergling x2  
  38  3:24  Zergling x2  
  38  3:25  Drone  
  41  3:29  Overlord  
  41  3:32  Zergling x2  
  42  3:37  Zergling x2  
  43  3:50  Zergling x4  
  43  3:51  Zergling x2, Overlord  
  43  3:53  Zergling x2  
  47  3:57  Drone  
  49  4:10  Zergling x4  
  49  4:11  Drone  
  49  4:14  Hatchery  
  50  4:18  Zergling x2  
  51  4:27  Drone, Zergling x4  
  43  4:53  Zergling x6  
  43  4:54  Zergling x6  
  43  4:55  Drone, Zergling x4  
  45  5:03  Zergling x2  
  45  5:05  Zergling x2  
  46  5:14  Spire  
  46  5:15  Zergling x2  
  46  5:16  Drone  
  47  5:24  Zergling x2  
  48  5:31  Hatchery  
  46  5:42  Drone x4  
  48  5:46  Extractor  
  48  5:48  Extractor  
  48  5:49  Extractor, Drone x4  
  50  5:50  Drone x3  
  50  5:54  Drone  
  53  6:01  Drone x2  
  53  6:02  Zergling x2  
  56  6:05  Spine Crawler  
  56  6:06  Queen  
  57  6:13  Overlord  
  57  6:14  Drone x3  
  57  6:15  Drone  
  61  6:19  Zergling x6  
  64  6:29  Mutalisk  
  64  6:30  Mutalisk x2  
  70  6:34  Zerg Flyer Weapons Level 1  
  70  6:42  Drone x2  
  70  6:43  Drone x2  
  74  6:53  Drone x3, Infestation Pit  
  76  6:55  Mutalisk  
  76  6:59  Drone x2, Overlord x2  
  80  7:05  Extractor  
  79  7:08  Drone  
  79  7:09  Drone  
  79  7:10  Mutalisk x2  
  85  7:16  Spine Crawler  
  85  7:21  Mutalisk  
  86  7:23  Zergling x4  
  86  7:24  Overlord x2  
  86  7:25  Drone x2  
  86  7:29  Mutalisk  
  90  7:31  Drone x2  
  94  7:41  Extractor  
  93  7:45  Hive  
  93  7:49  Drone x5  
  98  7:52  Extractor  
  98  7:54  Extractor, Spine Crawler  
  98  7:57  Drone  
  96  8:02  Drone x2  
  98  8:12  Mutalisk x4  
  98  8:15  Drone x2  
  98  8:19  Mutalisk  
  108  8:26  Baneling Nest  
  109  8:31  Drone x6  
  115  8:46  Drone x2  
  115  8:48  Mutalisk  
  119  8:56  Hatchery  
  119  8:57  Greater Spire  
  118  9:02  Spire  
  118  9:03  Hatchery  
  118  9:07  Corruptor x2  
  118  9:09  Overlord x3  
  120  9:10  Overlord  
  106  9:42  Corruptor x6  
  106  9:44  Drone x3  
  106  9:45  Drone x4  
  117  9:47  Baneling x3  
  117  9:48  Baneling x2, Centrifical Hooks  
  117  9:52  Baneling x4  
  115  9:54  Baneling x3  
  115  9:55  Drone  
  116  10:09  Brood Lord x2  
  116  10:13  Zerg Flyer Armor Level 1  
  120  10:16  Evolution Chamber  
  120  10:18  Evolution Chamber  
  120  10:19  Brood Lord  
  120  10:21  Brood Lord  
  120  10:22  Drone x3  
  120  10:23  Drone x4  
  129  10:32  Spine Crawler  
  129  10:33  Drone  
  129  10:34  Drone x2  
  129  10:35  Spine Crawler  
  130  10:38  Drone  
  130  10:42  Brood Lord  
  133  10:44  Brood Lord  
  133  10:49  Spine Crawler  
  131  10:54  Brood Lord  
  131  10:55  Brood Lord  
  134  10:58  Spine Crawler  
  134  11:00  Corruptor x2  
  129  11:18  Corruptor x3  
  107  11:30  Corruptor x2  
  95  11:40  Corruptor x2  
  95  11:42  Zergling x10  
  93  11:55  Zerg Melee Weapons Level 1  
  93  12:04  Zergling x14  
  93  12:06  Brood Lord x2  
  91  12:18  Brood Lord  
  92  12:32  Brood Lord  
  92  12:34  Brood Lord  
  96  12:42  Hatchery  
  95  13:03  Corruptor x2  
  92  13:22  Brood Lord x2  
  92  13:23  Brood Lord  
  92  13:24  Corruptor  
  100  13:40  Zergling x2  
  100  13:41  Zergling x16  
  106  13:43  Hatchery  
  108  13:50  Hatchery  
  108  13:53  Ultralisk Cavern, Zerg Ground Armor Level 1, Zerg Melee Weapons Level 2  
  106  13:59  Zergling x4  
  106  14:00  Zergling x2  
  109  14:24  Zergling x12  
  105  14:25  Drone x3, Zergling x2  
  113  14:36  Baneling x3  
  113  14:37  Baneling x13  
  113  14:38  Drone, Zergling x2  
  114  14:39  Zergling x8  
  101  15:02  Corruptor x3  
  101  15:03  Drone  
  101  15:04  Drone x3  
  111  15:08  Drone  
  111  15:09  Drone  
  111  15:12  Baneling  
  111  15:13  Baneling x8  
  111  15:14  Baneling x3  
  111  15:22  Corruptor x3  
  111  15:23  Zergling x8  
  111  15:24  Zergling x2  
  118  15:28  Drone x2  
  118  15:29  Drone  
  118  15:32  Spine Crawler  
  118  15:33  Spine Crawler  
  118  15:35  Spine Crawler  
  117  15:36  Spine Crawler  
  117  15:41  Zergling x2  
  117  15:42  Zergling x6  
  112  15:46  Brood Lord x3  
  114  15:52  Zergling x2  
  114  15:53  Zergling x4  
  114  15:54  Drone x2  
  101  15:58  Zergling x4  
  92  16:05  Drone  
  92  16:09  Zergling x2, Ultralisk, Corruptor  
  89  16:23  Drone x2  
  89  16:32  Corruptor  
  89  16:34  Zergling x10  
  96  16:41  Drone  
  96  16:43  Brood Lord x3  
  96  16:45  Hatchery  
  99  16:50  Drone  
  99  16:52  Hatchery  
  99  17:00  Drone  
  100  17:03  Zerg Melee Weapons Level 3  
  100  17:12  Spine Crawler  
  100  17:13  Spine Crawler  
  98  17:24  Extractor, Corruptor x3  
  98  17:26  Corruptor  
  98  17:27  Zergling x12  
  98  17:28  Drone x2, Extractor  
  98  17:29  Drone, Extractor  
  105  17:40  Zergling x6  
  105  17:41  Drone  
  101  17:46  Corruptor x3  
  104  17:58  Brood Lord  
  102  18:07  Zergling x2  
  102  18:08  Zergling x4  
  102  18:09  Drone x5  
  102  18:12  Anabolic Synthesis  
  95  18:15  Baneling  
  95  18:16  Baneling x4  
  95  18:17  Drone x2  
  92  18:23  Corruptor  
  92  18:24  Zergling x10  
  92  18:25  Drone x2  
  92  18:26  Drone  
  100  18:33  Spore Crawler  
  96  18:36  Drone x3  
  96  18:41  Brood Lord  
  82  19:06  Extractor  
  82  19:07  Spine Crawler  
  81  19:10  Drone x3  
  81  19:15  Drone, Spore Crawler  
  81  19:16  Drone x2  
  82  19:26  Zergling x2  
  82  19:27  Zergling x4  
  86  19:34  Drone x3  
Show
View Real Time Build Order
Export as new Build Order

Massa Terran 

Build Orders: 2 Factory, Hellion Opening 

Get SALT Encoding   

  12  0:00  SCV  
  13  0:12  SCV  
  14  0:17  Supply Depot  
  14  0:24  SCV  
  15  0:39  SCV, Barracks  
  16  0:45  Refinery  
  16  0:51  SCV  
  16  0:55  Refinery  
  17  1:03  SCV  
  18  1:14  Supply Depot  
  18  1:17  SCV  
  19  1:27  Marine  
  19  1:29  SCV  
  21  1:36  Factory  
  21  1:47  Marine  
  21  1:53  Orbital Command  
  22  2:12  Barracks Tech Lab  
  22  2:13  Factory  
  22  2:19  SCV  
  22  2:22  Hellion  
  25  2:40  SCV  
  25  2:43  Barracks Reactor  
  26  2:51  Hellion, Infernal Pre-Igniter  
  28  2:59  Hellion  
  30  3:09  Supply Depot  
  30  3:31  Hellion x2  
  30  3:33  Hellion  
  36  3:34  Command Center  
  36  3:42  Supply Depot  
  36  3:52  Hellion, Supply Depot  
  36  3:55  Barracks Tech Lab  
  38  4:04  Hellion x2  
  42  4:20  Hellion  
  44  4:25  Hellion  
  44  4:26  Hellion  
  44  4:27  Stimpack  
  48  4:33  Engineering Bay  
  50  4:45  Hellion  
  50  4:47  Hellion  
  42  5:08  Hellion x3  
  34  5:22  Orbital Command  
  34  5:30  Hellion x2  
  38  5:40  Siege Tank  
  37  5:45  Marine  
  37  5:49  SCV  
  39  5:51  Widow Mine x2  
  39  5:55  Missile Turret  
  39  5:57  SCV  
  44  6:03  Marine  
  45  6:05  Starport  
  45  6:11  Terran Infantry Weapons Level 1  
  45  6:15  Engineering Bay  
  45  6:19  Armory  
  45  6:23  Widow Mine  
  45  6:24  Widow Mine  
  49  6:31  Siege Tank  
  52  6:33  Marauder  
  52  6:34  Combat Shield  
  54  6:42  Barracks  
  54  6:44  SCV  
  54  6:45  SCV  
  56  6:52  Medivac  
  58  6:55  Marine  
  58  6:56  SCV  
  60  7:02  Barracks  
  60  7:04  Widow Mine  
  60  7:06  Widow Mine  
  60  7:08  SCV  
  65  7:14  Supply Depot  
  65  7:22  SCV x2  
  67  7:34  SCV x2  
  67  7:36  Widow Mine  
  67  7:37  Widow Mine, Siege Tank  
  73  7:39  Starport Reactor  
  76  7:46  SCV x2  
  78  8:02  Barracks Tech Lab  
  78  8:04  Concussive Shells  
  78  8:12  Factory Tech Lab  
  78  8:53  Supply Depot  
  78  8:54  Supply Depot x2  
  78  8:55  Supply Depot x2  
  78  9:14  SCV x2, Marine x2  
  78  9:16  Terran Infantry Weapons Level 2  
  82  9:17  Terran Infantry Armor Level 1, Terran Vehicle Weapons Level 1  
  82  9:20  Supply Depot  
  82  9:23  Command Center  
  82  9:26  SCV  
  82  9:27  SCV, Missile Turret  
  82  9:29  Marauder x2  
  88  9:31  Refinery x2  
  88  9:32  Marine x2  
  90  9:39  SCV x2  
  90  9:42  Command Center  
  92  9:51  SCV x2  
  94  10:01  Supply Depot  
  94  10:03  Marauder x2  
  94  10:04  Marine x2  
  100  10:17  Siege Tank  
  100  10:21  Marine, Medivac  
  105  10:22  Marine  
  105  10:24  Marauder x2  
  105  10:25  Supply Depot  
  110  10:30  SCV x2  
  112  10:36  Orbital Command  
  113  10:42  SCV  
  113  10:43  SCV  
  113  10:46  Marauder x2  
  118  10:54  SCV  
  118  10:55  SCV  
  101  11:17  Marauder x2, Marine x2  
  90  11:35  Marine  
  90  11:39  Marauder x2  
  90  11:47  Command Center  
  90  11:49  Marine  
  90  11:51  Siege Tank x2  
  90  11:52  Command Center  
  93  11:58  Barracks  
  93  12:00  Marauder x2  
  91  12:12  Marine x2  
  91  12:21  Marauder x2  
  90  12:23  Siege Tank  
  90  12:28  Medivac x2  
  97  12:39  SCV x2  
  97  12:43  Marauder x2  
  103  12:51  SCV x2  
  105  13:04  Marauder x2  
  105  13:05  SCV x2  
  112  13:06  Orbital Command  
  111  13:17  SCV  
  112  13:25  Marauder  
  103  13:45  Siege Tank x2  
  103  13:46  Marauder, Marine x2  
  103  13:47  Marauder  
  75  13:57  Barracks Tech Lab  
  75  14:00  Barracks Reactor  
  75  14:04  Marine x2  
  75  14:05  SCV x3  
  75  14:08  Marauder x2  
  84  14:10  Planetary Fortress  
  84  14:16  Medivac x2  
  88  14:17  Terran Infantry Armor Level 2, Terran Infantry Weapons Level 3, SCV x3, Siege Tank x2  
  88  14:22  Marine x2  
  92  14:29  SCV x2, Marauder  
  80  14:36  Marine  
  80  14:37  Marauder, Marine  
  77  14:40  Marine x2  
  76  14:46  Command Center  
  76  14:49  Siege Tank  
  76  14:50  Marauder  
  76  14:52  Medivac  
  83  14:54  Marine  
  83  14:58  Marauder  
  83  15:08  Marine  
  83  15:11  SCV x2  
  83  15:12  Marauder  
  88  15:18  Smart Servos  
  88  15:19  Marauder  
  90  15:24  Marine  
  90  15:25  Marine x3  
  94  15:31  Terran Vehicle Weapons Level 2  
  94  15:33  Marauder  
  96  15:43  Marine x5  
  101  15:54  Marine  
  101  15:55  Siege Tank  
  105  15:58  Medivac  
  105  15:59  Medivac  
  78  16:18  Marauder x2, Marine  
  78  16:19  Marine  
  80  16:27  Orbital Command  
  80  16:29  SCV  
  80  16:30  SCV  
  86  16:40  Marauder x2  
  86  16:44  Marine  
  86  16:45  Marine x3  
  90  16:54  Missile Turret  
  90  17:00  Missile Turret  
  90  17:01  Marauder, Marine  
  93  17:02  Marine  
  93  17:09  Missile Turret  
  78  17:19  Marauder, Marine x3  
  78  17:20  Marine  
  73  17:23  Marauder, Siege Tank x2  
  74  17:36  SCV x4  
  78  17:48  SCV x3  
  71  18:15  Marauder x2, Marine x2  
  71  18:16  Marine x2  
  74  18:31  Siege Tank x2  
  74  18:33  Marine x4  
  69  18:36  Marauder  
  69  18:37  Marauder  
  71  18:44  SCV x3  
  74  18:51  Marine x4  
  67  18:58  Marauder x2  
  60  19:03  Siege Tank x2  
  60  19:09  Marine x2  
  62  19:19  Marauder x2  
  62  19:24  Marine  
Tags
 
Add a new tag
Caveats
  • Supply blocks, unpowered buildings, or Contaminate may cause inaccurate times.
  • Supply counts are checked every 10 seconds.